 Dungeon Crawl Stone Soup version 0.21.1-1-g345015f (webtiles) character file.

413 manyhoops the Covered (level 6, 0/42 HPs)
             Began as a Gnoll Wanderer on Apr 2, 2018.
             Was an Initiate of Hepliaklqana.
             Killed by divine providence
             ... invoked by an orc priest
              (13 damage)
             ... on level 4 of the Dungeon.
             The game lasted 00:04:06 (3013 turns).

manyhoops the Covered (Gnoll Wanderer)              Turns: 3013, Time: 00:04:07

Health: 0/42       AC: 11    Str: 17    XL:     6   Next: 90%
Magic:  9/9        EV: 11    Int: 14    God:    Hepliaklqana [......]
Gold:   127        SH:  0    Dex: 14    Spells: 9/9 levels left

rFire    . . .     SeeInvis .   b - +1 mace
rCold    . . .     Gourm    .   (no shield)
rNeg     . . .     Faith    .   a - +3 scale mail
rPois    .         Spirit   .   g - +0 helmet
rElec    .         Reflect  .   (no cloak)
rCorr    .         Harm     .   (no gloves)
MR       .....                  (no boots)
Stlth    +.........             (no amulet)
HPRegen  0.14/turn              (no ring)
MPRegen  0.11/turn              (no ring)

@: no status effects
A: distributed training, reduced essence, fangs 1, strong nose
a: Recall Ancestor, Ancestor Identity, Renounce Religion


You were on level 4 of the Dungeon.
You worshipped Hepliaklqana.
Hepliaklqana was noncommittal.
You were not hungry.

You visited 1 branch of the dungeon, and saw 4 of its levels.

You collected 127 gold pieces.

Inventory:

Hand Weapons
 b - a +1 mace (weapon)
 d - a +0 dagger
Armour
 a - a +3 scale mail (worn)
 g - a +0 helmet (worn)
Scrolls
 c - a scroll of amnesia {unknown}
Comestibles
 f - 4 rations


   Skills:
 + Level 3.3 Fighting
 + Level 2.1 Short Blades
 + Level 2.1 Long Blades
 + Level 2.1 Axes
 + Level 5.0 Maces & Flails
 + Level 2.1 Polearms
 + Level 2.1 Staves
 + Level 2.1 Slings
 + Level 2.1 Bows
 + Level 2.1 Crossbows
 + Level 2.1 Throwing
 + Level 5.0 Armour
 + Level 3.3 Dodging
 + Level 4.7 Stealth
 + Level 3.3 Shields
 + Level 3.3 Unarmed Combat
 + Level 2.1 Spellcasting
 + Level 1.6 Conjurations
 + Level 1.6 Hexes
 + Level 1.6 Charms
 + Level 1.6 Summonings
 + Level 1.6 Necromancy
 + Level 1.6 Translocations
 + Level 1.6 Transmutations
 + Level 1.6 Fire Magic
 + Level 1.6 Ice Magic
 + Level 1.6 Air Magic
 + Level 1.6 Earth Magic
 + Level 1.6 Poison Magic
 + Level 2.3 Invocations
 + Level 2.1 Evocations


You had 9 spell levels left.
You didn't know any spells.

Dungeon Overview and Level Annotations

Branches:
Dungeon (4/15)
 Temple: D:4-7

Altars:
Ashenzari
Dithmenos
Hepliaklqana
Kikubaaqudgha
Ru
Trog
Uskayaw
Yredelemnul

Annotations:
D:3 Verendum's ghost, amateur TrMo


Innate Abilities, Weirdness & Mutations

Your experience applies equally to all skills.
You have very sharp teeth.
Your uncanny sense of smell can sniff out nearby items.
Your life essence is reduced to manifest your ancestor. (-10% HP)


Message History

You are too injured to fight recklessly!
You are too injured to fight recklessly!
You are too injured to fight recklessly!
You are too injured to fight recklessly!
You are too injured to fight recklessly!
You are too injured to fight recklessly!
You are too injured to fight recklessly!
You are too injured to fight recklessly!
You are too injured to fight recklessly!
You are too injured to fight recklessly!
You are too injured to fight recklessly!
You are too injured to fight recklessly!
Unknown command.
The orc priest hits you but does no damage.
You closely miss the phantom.
The phantom hits you but does no damage.
Synnove closely misses the orc priest.
The orc priest invokes the aid of Beogh against you.
Beogh smites you!
You die...

..# #_≈≈##..#
#.# #.##
#8###..## #.#
∆ #..##
####..## #.#
∆
##..####....#
#.#
##†......#.#
#.# #
#########.#
#.# ## #.#
#†# .... #.#
##R## ###.
#.# #@o.# #
#.....[W....#
######...##.#
##.## # #.#
#.# ... .#


You could see the friendly Synnove the ancestor, a phantom and an orc priest.

Vanquished Creatures
  Sigmund (D:2)
  Terence (D:2)
  Natasha (thrice) (D:2)
  Robin (D:2)
  4 gnolls (D:4)
  3 adders (D:2)
  An ooze (D:2)
  An adder skeleton (D:4)
  2 worms (D:2)
  2 dart slugs (D:2)
  2 orcs (D:4)
  4 giant cockroaches (D:2)
  13 goblins
  12 hobgoblins
  5 bats
  A frilled lizard (D:1)
  2 kobolds
  A leopard gecko skeleton (D:4)
  7 rats
66 creatures vanquished.

Vanquished Creatures (collateral kills)
  A worm (D:4)
1 creature vanquished.

Grand Total: 67 creatures vanquished

Notes
Turn   | Place    | Note
-------+----------+-------------------------------------------
     0 | D:1      | manyhoops the Gnoll Wanderer began the quest for the Orb.
     0 | D:1      | manyhoops set off with: a +2 scale mail, a +0 mace, a potion of lignification, a +0 dagger, a ration
     0 | D:1      | Reached XP level 1. HP: 17/17 MP: 1/1
    87 | D:1      | Reached XP level 2. HP: 20/23 MP: 2/2
   617 | D:2      | Reached XP level 3. HP: 28/28 MP: 3/3
   704 | D:2      | Noticed Natasha
   704 | D:2      | Noticed Sigmund
   724 | D:2      | Killed Natasha
   724 | D:2      | Reached skill level 1 in Invocations
   735 | D:2      | Noticed Natasha
   744 | D:2      | HP: 1/28 [Natasha/magic dart (2)]
   745 | D:2      | Killed Natasha
   745 | D:2      | Reached skill level 1 in Short Blades
   745 | D:2      | Reached skill level 1 in Long Blades
   745 | D:2      | Reached skill level 1 in Axes
   745 | D:2      | Reached skill level 1 in Polearms
   745 | D:2      | Reached skill level 1 in Staves
   745 | D:2      | Reached skill level 1 in Slings
   745 | D:2      | Reached skill level 1 in Bows
   745 | D:2      | Reached skill level 1 in Crossbows
   745 | D:2      | Reached skill level 1 in Throwing
   745 | D:2      | Reached skill level 1 in Spellcasting
   745 | D:2      | Reached skill level 1 in Evocations
   745 | D:2      | Reached XP level 4. HP: 2/34 MP: 5/5
  1158 | D:2      | Noticed Terence
  1171 | D:2      | Killed Terence
  1171 | D:2      | Reached skill level 1 in Conjurations
  1171 | D:2      | Reached skill level 1 in Hexes
  1171 | D:2      | Reached skill level 1 in Charms
  1171 | D:2      | Reached skill level 1 in Summonings
  1171 | D:2      | Reached skill level 1 in Necromancy
  1171 | D:2      | Reached skill level 1 in Translocations
  1171 | D:2      | Reached skill level 1 in Transmutations
  1171 | D:2      | Reached skill level 1 in Fire Magic
  1171 | D:2      | Reached skill level 1 in Ice Magic
  1171 | D:2      | Reached skill level 1 in Air Magic
  1171 | D:2      | Reached skill level 1 in Earth Magic
  1171 | D:2      | Reached skill level 1 in Poison Magic
  1217 | D:2      | Reached XP level 5. HP: 40/40 MP: 6/6
  1218 | D:2      | Noticed Robin
  1276 | D:2      | Noticed Natasha
  1279 | D:2      | Killed Natasha
  1700 | D:2      | Found a shadowy altar of Dithmenos.
  1930 | D:2      | Killed Robin
  2196 | D:2      | Killed Sigmund
  2196 | D:2      | Reached skill level 5 in Maces & Flails
  2196 | D:2      | Reached skill level 5 in Armour
  2196 | D:2      | Reached XP level 6. HP: 14/47 MP: 7/9
  2594 | D:3      | Found a hazy altar of Hepliaklqana.
  2595 | D:3      | Found a basalt altar of Yredelemnul.
  2596 | D:3      | Found a hide-covered altar of Uskayaw.
  2597 | D:3      | Found a shattered altar of Ashenzari.
  2606 | D:3      | Became a worshipper of Hepliaklqana the Forgotten
  2610 | D:3      | Noticed Verendum's ghost (amateur TrMo)
  2988 | D:4      | Found an ancient bone altar of Kikubaaqudgha.
  2988 | D:4      | Found a sacrificial altar of Ru.
  2988 | D:4      | Found a bloodstained altar of Trog.
  3009 | D:4      | Noticed a phantom
  3013 | D:4      | Killed from afar by an orc priest

Skill      XL: |  1  2  3  4  5 |
---------------+----------------+-----
Invocations    | 1 2 |  2.3
Short Blades   | 1 2 |  2.1
Long Blades    | 1 2 |  2.1
Axes           | 1 2 |  2.1
Polearms       | 1 2 |  2.1
Staves         | 1 2 |  2.1
Slings         | 1 2 |  2.1
Bows           | 1 2 |  2.1
Crossbows      | 1 2 |  2.1
Throwing       | 1 2 |  2.1
Spellcasting   | 1 2 |  2.1
Evocations     | 1 2 |  2.1
Conjurations   | 1 |  1.6
Hexes          | 1 |  1.6
Charms         | 1 |  1.6
Summonings     | 1 |  1.6
Necromancy     | 1 |  1.6
Translocations | 1 |  1.6
Transmutations | 1 |  1.6
Fire Magic     | 1 |  1.6
Ice Magic      | 1 |  1.6
Air Magic      | 1 |  1.6
Earth Magic    | 1 |  1.6
Poison Magic   | 1 |  1.6
Fighting       | 3 |  3.3
Dodging        | 3 |  3.3
Shields        | 3 |  3.3
Unarmed Combat | 3 |  3.3
Maces & Flails | 5 |  5.0
Armour         | 5 |  5.0
Stealth        | |  4.7

Action                   |  1- 3 |  4- 6 || total
-------------------------+-------+-------++-------
Melee: Mace              |    81 |   188 ||   269
       Bite              |     8 |    17 ||    25
       Punch             |     1 |     2 ||     3
Invok: Recall Ancestor   |       |     1 ||     1
  Use: Potion            |     2 |     2 ||     4
       Scroll            |       |     4 ||     4
 Stab: Sleeping          |       |     2 ||     2
  Eat: Chunk             |       |     4 ||     4
       Ration            |       |     1 ||     1
Armor: Scale mail        |    43 |   114 ||   157
       Skin              |     5 |       ||     5
Dodge: Dodged            |    40 |   168 ||   208
